St.Louis Blues vs Hartford Whalers
Created - Thursday, May 25, 2023 at 09:56
Goals
|
| St.Louis Blues |
1 |
0 |
3 |
4 |
| Hartford Whalers |
0 |
3 |
0 |
3 |
|
Shots
|
| St.Louis Blues |
19 |
13 |
15 |
47 |
| Hartford Whalers |
9 |
12 |
11 |
32 |
|
1st period
1. St.Louis Blues , Evander Kane 16 (Andrew Copp 14, Niko Mikkola 4) at 17:16
Penalties :
Michael Raffl (HFD) for Hooking (Minor) at 18:27
2nd period
2. Hartford Whalers , Josh Anderson 15 (Anthony Mantha 18) at 14:09
3. Hartford Whalers , Brett Howden 8 (Eetu Luostarinen 13, Kevin Labanc 12) at 16:27
4. Hartford Whalers , Joshua Norris 26 (Taylor Hall 32, Torey Krug 19) at 17:09
Penalties :
Casey Cizikas (HFD) for Interference (Minor) at 8:55, Adam Pelech (STL) for High sticking (Minor) at 14:20, Josh Anderson (HFD) for Hooking (Minor) at 18:21, Elias Pettersson (STL) for Diving (Minor) at 18:28
3rd period
5. St.Louis Blues , Jake Guentzel 24 (Elias Pettersson 41, Robert Thomas 37) at 2:05 (PP)
6. St.Louis Blues , Alex DeBrincat 30 (Alex Pietrangelo 30) at 2:19
7. St.Louis Blues , Elias Pettersson 31 (Jake Guentzel 32, Alex DeBrincat 26) at 11:53
Penalties :
Alexander Wennberg (HFD) for High sticking (Minor) at 1:57, Alex Tuch (STL) for Tripping (Minor) at 7:45
Goalie Stats
Connor Hellebuyck (STL), 29 saves from 32 shots - (0.906), W, 22-17-4, 60:00 minutes
Anton Forsberg (HFD), 43 saves from 47 shots - (0.915), L, 19-10-2, 58:54 minutes
Players Stats for St.Louis Blues
Player Name G A P +/- PIM S H SB GA TA FO MP PP MP PK MP
------------------------------------------------------------------------------------
Adam Pelech 0 0 0 -2 2 1 1 3 0 0 0/0 16:38 0:00 0:56
Alex DeBrincat 1 1 2 2 0 5 3 0 1 0 0/1 20:04 2:55 0:22
Alex Pietrangelo 0 1 1 1 0 1 3 1 2 4 0/0 27:50 1:38 1:04
Alex Tuch 0 0 0 -2 2 3 2 1 0 1 0/0 16:04 1:20 0:00
Andrew Copp 0 1 1 1 0 1 0 1 0 0 1/3 14:17 0:00 1:57
Colton Parayko 0 0 0 2 0 1 1 1 0 2 0/0 26:57 0:00 2:12
Danny DeKeyser 0 0 0 -1 0 0 1 0 0 0 0/0 12:40 0:00 1:47
Elias Pettersson 1 1 2 2 2 4 1 0 0 1 15/28 21:00 2:52 0:54
Evander Kane 1 0 1 1 0 5 0 0 1 0 0/2 13:24 1:38 0:00
Frederick Gaudreau 0 0 0 -1 0 2 0 0 0 0 1/2 7:01 0:00 0:59
Jack Eichel 0 0 0 1 0 7 2 0 1 1 2/5 12:53 1:47 0:00
Jake Guentzel 1 1 2 2 0 2 0 0 0 0 2/2 21:35 2:53 0:07
Jimmy Vesey 0 0 0 0 0 1 2 0 0 0 1/3 8:38 0:00 1:54
Morgan Rielly 0 0 0 -1 0 4 0 1 1 2 0/0 18:54 2:35 0:00
Niko Mikkola 0 1 1 0 0 1 0 0 0 0 0/0 12:35 0:00 2:11
Robert Thomas 0 1 1 -2 0 3 2 0 0 0 9/20 16:58 2:06 0:00
Tage Thompson 0 0 0 -2 0 4 3 0 1 1 4/6 18:41 1:20 0:58
Yanni Gourde 0 0 0 -1 0 2 2 0 0 1 0/0 7:51 0:00 0:59
Players Stats for Hartford Whalers
Player Name G A P +/- PIM S H SB GA TA FO MP PP MP PK MP
------------------------------------------------------------------------------------
Alec Martinez 0 0 0 2 0 1 1 1 0 1 0/0 13:04 0:00 0:00
Alexander Wennberg 0 0 0 -1 2 5 1 1 2 0 3/5 19:33 1:58 1:43
Alexis Lafreniere 0 0 0 0 0 2 0 0 0 0 0/0 12:54 0:33 0:00
Anthony Mantha 0 1 1 0 0 3 1 1 4 0 0/4 18:45 1:51 1:37
Brett Howden 1 0 1 1 0 1 1 1 0 0 0/0 10:17 0:09 0:00
Casey Cizikas 0 0 0 0 2 1 1 0 0 0 10/15 16:14 1:51 0:00
Eetu Luostarinen 0 1 1 1 0 0 0 0 0 0 1/3 9:47 0:00 0:25
Haydn Fleury 0 0 0 2 0 0 0 0 0 2 0/0 8:40 0:00 0:00
Jaccob Slavin 0 0 0 -1 0 3 1 3 0 1 0/0 27:03 2:07 2:09
Josh Anderson 1 0 1 0 2 3 2 0 0 0 1/2 17:12 1:58 0:00
Joshua Norris 1 0 1 -1 0 7 1 0 0 0 15/28 20:54 2:05 2:22
Kevin Labanc 0 1 1 1 0 2 0 0 1 0 2/2 8:21 0:00 0:00
Michael Raffl 0 0 0 -1 2 0 2 0 1 1 5/13 16:29 0:49 0:00
Paul Byron 0 0 0 0 0 0 2 0 2 0 0/0 11:06 0:00 0:00
Taylor Hall 0 1 1 0 0 1 1 2 1 0 0/0 12:47 1:01 2:19
Thomas Chabot 0 0 0 -1 0 2 1 1 1 1 0/0 28:08 2:07 2:09
Torey Krug 0 1 1 -1 0 1 3 2 1 1 0/0 21:55 1:58 2:04
Trevor van Riemsdyk 0 0 0 -1 0 0 1 0 0 0 0/0 20:42 1:58 2:04
3 Stars
1 - Alex DeBrincat (STL)
2 - Jake Guentzel (STL)
3 - Elias Pettersson (STL)
Power Play
St.Louis Blues - 1 on 4 Attempt(s) - 25.00%
Hartford Whalers - 0 on 3 Attempt(s) - 0.00%
Penalty Kill
St.Louis Blues - 3 on 3 Attempt(s) - 100.00%
- Score 0 goal in Penalty Kill
Hartford Whalers - 3 on 4 Attempt(s) - 75.00%
- Score 0 goal in Penalty Kill
Team Stat
St.Louis Blues - Hits : 23 - Faceoff Wins : 35 - Blocked Shots : 8 - Penalty Minutes : 6
Hartford Whalers - Hits : 19 - Faceoff Wins : 37 - Blocked Shots : 12 - Penalty Minutes : 8
Official
Referees : Rob Martell and Jacob Brenk
Linesman : Steve Barton and Tony Sericolo
Game Notes
Taylor Hall is injured at 18:10 of 2nd period (Bruised Right Foot)
Haydn Fleury is injured at 3:39 of 3rd period (Torso)
Finance
Level 1 -- Attendance: 5283 (52.83%) -- Ticket Income $528,300
Level 2 -- Attendance: 3658 (73.16%) -- Ticket Income $219,480
Level 3 -- Attendance: 2482 (82.73%) -- Ticket Income $86,870
Level 4 -- Attendance: 3790 (75.80%) -- Ticket Income $94,750
Luxury Box -- Attendance: 806 (80.60%) -- Ticket Income $161,200
Game was played at the Hartford Civic Center.
Total Attendance: 16019 (66.75%)
Total Ticket Income: $1,090,600
Other Income: $381,710
Total Income: $1,472,310
St.Louis Blues
5 vs 5 Forward
Center Left Wing Right Wing Time % Phy DF OF
1 Elias Pettersson Alex DeBrincat Jake Guentzel 40 0 2 3
2 Robert Thomas Alex Tuch Tage Thompson 30 0 2 3
3 Jack Eichel Evander Kane Andrew Copp 20 1 2 2
4 Frederick Gaudreau Yanni Gourde Jimmy Vesey 10 1 3 1
5 vs 5 Defense
Defense Defense Time % Phy DF OF
1 Alex Pietrangelo Colton Parayko 40 1 2 2
2 Morgan Rielly Adam Pelech 30 1 2 2
3 Danny DeKeyser Niko Mikkola 20 1 2 2
4 Alex Pietrangelo Colton Parayko 10 1 2 2
PowerPlay Forward
Center Left Wing Right Wing Time % Phy DF OF
1 Robert Thomas Elias Pettersson Jake Guentzel 60 1 0 4
2 Jack Eichel Alex Tuch Tage Thompson 40 1 0 4
PowerPlay Defense
Defense Defense Time % Phy DF OF
1 Alex DeBrincat Morgan Rielly 60 0 1 4
2 Alex Pietrangelo Evander Kane 40 0 1 4
Penalty Kill 4 Players Forward
Center Wing Time % Phy DF OF
1 Andrew Copp Jimmy Vesey 60 0 5 0
2 Frederick Gaudreau Yanni Gourde 40 0 5 0
Penalty Kill 4 Players Defense
Defense Defense Time % Phy DF OF
1 Adam Pelech Niko Mikkola 60 1 4 0
2 Danny DeKeyser Colton Parayko 40 1 4 0
Penalty Kill - 3 Players Forward
Forward Time % Phy DF OF
1 Andrew Copp 60 0 5 0
2 Yanni Gourde 40 0 5 0
Penalty Kill - 3 Players Defense
Defense Defense Time % Phy DF OF
1 Adam Pelech Niko Mikkola 60 0 5 0
2 Danny DeKeyser Colton Parayko 40 0 5 0
4 vs 4 Forward
Center Wing Time % Phy DF OF
1 Elias Pettersson Jake Guentzel 60 0 2 3
2 Robert Thomas Alex Tuch 40 0 2 3
4 vs 4 Defense
Defense Defense Time % Phy DF OF
1 Alex Pietrangelo Colton Parayko 60 0 3 2
2 Morgan Rielly Adam Pelech 40 0 3 2
Last Minutes Offensive
Center Left Wing Right Wing Defense Defense
Robert Thomas Elias Pettersson Jake Guentzel Alex Tuch Morgan Rielly
Last Minutes Defensive
Center Left Wing Right Wing Defense Defense
Andrew Copp Yanni Gourde Jimmy Vesey Colton Parayko Alex Pietrangelo
Goaltenders
Starting : Connor Hellebuyck
Backup : Frederik Andersen
Extra Forwards
Normal : Tage Thompson, Evander Kane, Frederick Gaudreau - PP : Alex DeBrincat, Jack Eichel - PK : Tage Thompson
Extra Defensemen
Normal : Morgan Rielly, Colton Parayko, Adam Pelech - PP : Colton Parayko - PK : Colton Parayko, Alex Pietrangelo
Penalty Shots
Tage Thompson, Alex DeBrincat, Elias Pettersson, Alex Tuch, Andrew Copp
Hartford Whalers
5 vs 5 Forward
Center Left Wing Right Wing Time % Phy DF OF
1 Joshua Norris Taylor Hall Alexander Wennberg 30 1 2 2
2 Casey Cizikas Anthony Mantha Josh Anderson 30 1 2 2
3 Michael Raffl Alexis Lafreniere Paul Byron 25 1 2 2
4 Eetu Luostarinen Brett Howden Kevin Labanc 15 1 2 2
5 vs 5 Defense
Defense Defense Time % Phy DF OF
1 Jaccob Slavin Thomas Chabot 30 1 2 2
2 Torey Krug Trevor van Riemsdyk 30 1 2 2
3 Alec Martinez Haydn Fleury 25 1 2 2
4 Jaccob Slavin Thomas Chabot 15 1 2 2
PowerPlay Forward
Center Left Wing Right Wing Time % Phy DF OF
1 Joshua Norris Taylor Hall Alexander Wennberg 50 1 2 2
2 Casey Cizikas Anthony Mantha Josh Anderson 50 1 2 2
PowerPlay Defense
Defense Defense Time % Phy DF OF
1 Jaccob Slavin Thomas Chabot 50 1 2 2
2 Torey Krug Trevor van Riemsdyk 50 1 2 2
Penalty Kill 4 Players Forward
Center Wing Time % Phy DF OF
1 Joshua Norris Taylor Hall 50 1 2 2
2 Alexander Wennberg Anthony Mantha 50 1 2 2
Penalty Kill 4 Players Defense
Defense Defense Time % Phy DF OF
1 Jaccob Slavin Thomas Chabot 50 1 2 2
2 Torey Krug Trevor van Riemsdyk 50 1 2 2
Penalty Kill - 3 Players Forward
Forward Time % Phy DF OF
1 Joshua Norris 50 1 2 2
2 Taylor Hall 50 1 2 2
Penalty Kill - 3 Players Defense
Defense Defense Time % Phy DF OF
1 Jaccob Slavin Thomas Chabot 50 1 2 2
2 Torey Krug Trevor van Riemsdyk 50 1 2 2
4 vs 4 Forward
Center Wing Time % Phy DF OF
1 Joshua Norris Taylor Hall 50 1 2 2
2 Alexander Wennberg Anthony Mantha 50 1 2 2
4 vs 4 Defense
Defense Defense Time % Phy DF OF
1 Jaccob Slavin Thomas Chabot 50 1 2 2
2 Torey Krug Trevor van Riemsdyk 50 1 2 2
Last Minutes Offensive
Center Left Wing Right Wing Defense Defense
Joshua Norris Taylor Hall Alexander Wennberg Jaccob Slavin Thomas Chabot
Last Minutes Defensive
Center Left Wing Right Wing Defense Defense
Joshua Norris Taylor Hall Alexander Wennberg Jaccob Slavin Thomas Chabot
Goaltenders
Starting : Anton Forsberg
Backup : Logan Thompson
Extra Forwards
Normal : Michael Raffl, Alexis Lafreniere, Eetu Luostarinen - PP : Michael Raffl, Alexis Lafreniere - PK : Eetu Luostarinen
Extra Defensemen
Normal : Alec Martinez, Haydn Fleury, Torey Krug - PP : Alec Martinez - PK : Haydn Fleury, Torey Krug
Penalty Shots
Joshua Norris, Taylor Hall, Alexander Wennberg, Anthony Mantha, Josh Anderson
% Time on Ice - St.Louis Blues
Lines # - Real PCT - Wanted PCT - Time Play
Normal Forward
1 - 35% - 40% - 17:14
2 - 30% - 30% - 14:47
3 - 23% - 20% - 11:05
4 - 11% - 10% - 5:29
Normal Defense
1 - 41% - 40% - 19:57
2 - 32% - 30% - 15:25
3 - 21% - 20% - 10:24
4 - 6% - 10% - 2:49
PP Forward
1 - 68% - 60% - 2:53
2 - 32% - 40% - 1:20
PP Defense
1 - 61% - 60% - 2:35
2 - 39% - 40% - 1:38
PK Forward
1 - 76% - 60% - 3:06
2 - 24% - 40% - 0:59
PK Defense
1 - 61% - 60% - 2:29
2 - 39% - 40% - 1:36
PK3 Forward
1 - 0% - 60%
2 - 0% - 40%
PK3 Defense
1 - 0% - 60%
2 - 0% - 40%
44 Forward
1 - 100% - 60% - 1:52
2 - 0% - 40% - 0:00
44 Defense
1 - 67% - 60% - 1:15
2 - 33% - 40% - 0:37
Last Minute Offensive - 0:00
Last Minute Defensive - 1:15
Total
Forward - 60:00
Defense - 60:00
|
% Time on Ice - Hartford Whalers
Lines # - Real PCT - Wanted PCT - Time Play
Normal Forward
1 - 30% - 30% - 14:23
2 - 30% - 30% - 14:48
3 - 23% - 25% - 11:06
4 - 17% - 15% - 8:21
Normal Defense
1 - 29% - 30% - 14:01
2 - 29% - 30% - 13:52
3 - 32% - 25% - 15:20
4 - 11% - 15% - 5:25
PP Forward
1 - 55% - 50% - 2:14
2 - 45% - 50% - 1:51
PP Defense
1 - 52% - 50% - 2:07
2 - 48% - 50% - 1:58
PK Forward
1 - 56% - 50% - 2:22
2 - 44% - 50% - 1:51
PK Defense
1 - 51% - 50% - 2:09
2 - 49% - 50% - 2:04
PK3 Forward
1 - 0% - 50%
2 - 0% - 50%
PK3 Defense
1 - 0% - 50%
2 - 0% - 50%
44 Forward
1 - 53% - 50% - 0:59
2 - 47% - 50% - 0:53
44 Defense
1 - 50% - 50% - 0:56
2 - 50% - 50% - 0:56
Last Minute Offensive - 1:12
Last Minute Defensive - 0:00
Total
Forward - 60:00
Defense - 60:00
|
Play-by-Play
1st period
0:01 of 1st period - Elias Pettersson wins face-off versus Joshua Norris in neutral zone.
0:28 of 1st period - Snap shot by Alexander Wennberg.
0:28 of 1st period - Shot Misses the Net.
0:30 of 1st period - Snap shot by Jaccob Slavin.
0:30 of 1st period - Stopped by Connor Hellebuyck without a rebound.
0:31 of 1st period - Casey Cizikas wins face-off versus Robert Thomas in St.Louis Blues zone.
0:42 of 1st period - Backhand shot by Anthony Mantha.
0:42 of 1st period - Stopped by Connor Hellebuyck with a rebound.
0:44 of 1st period - Snap shot by Josh Anderson.
0:44 of 1st period - Stopped by Connor Hellebuyck with a rebound.
0:46 of 1st period - Slapshot by Trevor van Riemsdyk.
0:46 of 1st period - Shot Blocked by Alex Tuch.
0:56 of 1st period - Alex Tuch is hit by Brett Howden and loses puck.
1:23 of 1st period - Adam Pelech is hit by Alec Martinez and loses puck.
1:55 of 1st period - Colton Parayko is hit by Casey Cizikas and loses puck.
2:12 of 1st period - Taylor Hall is hit by Alex Pietrangelo and loses puck.
2:29 of 1st period - Jaccob Slavin is hit by Jack Eichel and loses puck.
3:06 of 1st period - Anthony Mantha is hit by Jimmy Vesey and loses puck.
3:13 of 1st period - Jimmy Vesey is hit by Torey Krug and loses puck.
3:34 of 1st period - Wrist shot by Jack Eichel.
3:34 of 1st period - Shot Misses the Net.
3:46 of 1st period - Alec Martinez is hit by Alex Pietrangelo and loses puck.
3:57 of 1st period - Slapshot by Alex DeBrincat.
3:57 of 1st period - Stopped by Anton Forsberg with a rebound.
3:59 of 1st period - Wrist shot by Elias Pettersson.
3:59 of 1st period - Shot Misses the Net.
4:12 of 1st period - Off-side.
4:13 of 1st period - Robert Thomas wins face-off versus Casey Cizikas in neutral zone.
4:18 of 1st period - Snap shot by Tage Thompson.
4:18 of 1st period - Stopped by Anton Forsberg without a rebound.
4:19 of 1st period - Elias Pettersson wins face-off versus Michael Raffl in Hartford Whalers zone.
6:05 of 1st period - Snap shot by Robert Thomas.
6:05 of 1st period - Shot Misses the Net.
6:21 of 1st period - Snap shot by Joshua Norris.
6:21 of 1st period - Shot Misses the Net.
6:25 of 1st period - Wrist shot by Joshua Norris.
6:25 of 1st period - Stopped by Connor Hellebuyck with a rebound.
6:27 of 1st period - Wrist shot by Joshua Norris.
6:27 of 1st period - Shot Misses the Net.
6:29 of 1st period - Slapshot by Alec Martinez.
6:29 of 1st period - Deflect By Alex Tuch.
6:29 of 1st period - Stopped by Connor Hellebuyck with a rebound.
6:59 of 1st period - Wrist shot by Yanni Gourde.
6:59 of 1st period - Stopped by Anton Forsberg with a rebound.
7:01 of 1st period - Slapshot by Frederick Gaudreau.
7:01 of 1st period - Stopped by Anton Forsberg with a rebound.
7:03 of 1st period - Snap shot by Yanni Gourde.
7:03 of 1st period - Shot Misses the Net.
7:05 of 1st period - Slapshot by Niko Mikkola.
7:05 of 1st period - Shot Misses the Net.
7:07 of 1st period - Snap shot by Yanni Gourde.
7:07 of 1st period - Stopped by Anton Forsberg with a rebound.
7:09 of 1st period - Slapshot by Danny DeKeyser.
7:09 of 1st period - Shot Misses the Net.
7:41 of 1st period - Snap shot by Anthony Mantha.
7:41 of 1st period - Shot Misses the Net.
7:49 of 1st period - Wrist shot by Jake Guentzel.
7:49 of 1st period - Shot Blocked by Jaccob Slavin.
7:51 of 1st period - Slapshot by Alex DeBrincat.
7:51 of 1st period - Stopped by Anton Forsberg without a rebound.
7:52 of 1st period - Jack Eichel wins face-off versus Joshua Norris in Hartford Whalers zone.
8:07 of 1st period - Snap shot by Jack Eichel.
8:07 of 1st period - Stopped by Anton Forsberg with a rebound.
8:19 of 1st period - Thomas Chabot is hit by Yanni Gourde and loses puck.
8:48 of 1st period - Alex Pietrangelo is hit by Torey Krug and loses puck.
9:13 of 1st period - Snap shot by Brett Howden.
9:13 of 1st period - Shot Misses the Net.
9:27 of 1st period - Wrist shot by Yanni Gourde.
9:27 of 1st period - Shot Misses the Net.
9:54 of 1st period - Trevor van Riemsdyk is hit by Adam Pelech and loses puck.
10:19 of 1st period - Off-side.
10:20 of 1st period - Jack Eichel wins face-off versus Eetu Luostarinen in neutral zone.
10:29 of 1st period - Wrist shot by Jack Eichel.
10:29 of 1st period - Stopped by Anton Forsberg with a rebound.
10:45 of 1st period - Slapshot by Joshua Norris.
10:45 of 1st period - Stopped by Connor Hellebuyck without a rebound.
10:46 of 1st period - Elias Pettersson wins face-off versus Joshua Norris in St.Louis Blues zone.
11:10 of 1st period - Slapshot by Joshua Norris.
11:10 of 1st period - Stopped by Connor Hellebuyck without a rebound.
11:11 of 1st period - Tage Thompson wins face-off versus Casey Cizikas in St.Louis Blues zone.
11:37 of 1st period - Off-side.
11:38 of 1st period - Michael Raffl wins face-off versus Jack Eichel in neutral zone.
12:10 of 1st period - Wrist shot by Jack Eichel.
12:10 of 1st period - Shot Blocked by Jaccob Slavin.
12:12 of 1st period - Snap shot by Jack Eichel.
12:12 of 1st period - Stopped by Anton Forsberg with a rebound.
12:14 of 1st period - Slapshot by Colton Parayko.
12:14 of 1st period - Shot Misses the Net.
12:16 of 1st period - Snap shot by Evander Kane.
12:16 of 1st period - Stopped by Anton Forsberg with a rebound.
12:18 of 1st period - Slapshot by Jack Eichel.
12:18 of 1st period - Stopped by Anton Forsberg with a rebound.
12:20 of 1st period - Slapshot by Colton Parayko.
12:20 of 1st period - Shot Blocked by Alexander Wennberg.
12:22 of 1st period - Slapshot by Colton Parayko.
12:22 of 1st period - Shot Blocked by Taylor Hall.
12:24 of 1st period - Snap shot by Evander Kane.
12:24 of 1st period - Stopped by Anton Forsberg with a rebound.
12:26 of 1st period - Slapshot by Niko Mikkola.
12:26 of 1st period - Deflect By Alexander Wennberg.
12:26 of 1st period - Stopped by Anton Forsberg with a rebound.
12:28 of 1st period - Snap shot by Andrew Copp.
12:28 of 1st period - Shot Misses the Net.
12:30 of 1st period - Slapshot by Niko Mikkola.
12:30 of 1st period - Shot Blocked by Thomas Chabot.
12:32 of 1st period - Slapshot by Andrew Copp.
12:32 of 1st period - Shot Misses the Net.
12:44 of 1st period - Wrist shot by Jack Eichel.
12:44 of 1st period - Stopped by Anton Forsberg without a rebound.
12:45 of 1st period - Elias Pettersson wins face-off versus Anthony Mantha in Hartford Whalers zone.
12:58 of 1st period - Snap shot by Jake Guentzel.
12:58 of 1st period - Shot Misses the Net.
13:00 of 1st period - Wrist shot by Alex DeBrincat.
13:00 of 1st period - Stopped by Anton Forsberg with a rebound.
13:28 of 1st period - Alex Tuch is hit by Paul Byron and loses puck.
13:45 of 1st period - Snap shot by Alex Tuch.
13:45 of 1st period - Stopped by Anton Forsberg without a rebound.
13:46 of 1st period - Casey Cizikas wins face-off versus Elias Pettersson in Hartford Whalers zone.
13:53 of 1st period - Wrist shot by Casey Cizikas.
13:53 of 1st period - Shot Misses the Net.
14:19 of 1st period - Snap shot by Elias Pettersson.
14:19 of 1st period - Shot Hit the Post.
14:47 of 1st period - Snap shot by Taylor Hall.
14:47 of 1st period - Stopped by Connor Hellebuyck with a rebound.
15:07 of 1st period - Icing by Colton Parayko.
15:08 of 1st period - Elias Pettersson wins face-off versus Casey Cizikas in St.Louis Blues zone.
15:15 of 1st period - Wrist shot by Elias Pettersson.
15:15 of 1st period - Stopped by Anton Forsberg with a rebound.
15:50 of 1st period - Off-side.
15:51 of 1st period - Michael Raffl wins face-off versus Robert Thomas in neutral zone.
16:20 of 1st period - Slapshot by Alexis Lafreniere.
16:20 of 1st period - Stopped by Connor Hellebuyck with a rebound.
16:42 of 1st period - Off-side.
16:43 of 1st period - Alexander Wennberg wins face-off versus Evander Kane in neutral zone.
17:16 of 1st period - Wrist shot by Andrew Copp.
17:16 of 1st period - Deflect By Evander Kane.
17:16 of 1st period - Goal by Evander Kane - St.Louis Blues : 1 - Hartford Whalers : 0.
17:17 of 1st period - Robert Thomas wins face-off versus Michael Raffl in neutral zone.
17:25 of 1st period - Off-side.
17:26 of 1st period - Michael Raffl wins face-off versus Robert Thomas in neutral zone.
18:17 of 1st period - Colton Parayko is hit by Michael Raffl and loses puck.
18:27 of 1st period - Minor Penalty to Michael Raffl for Hooking.
18:28 of 1st period - Joshua Norris wins face-off versus Robert Thomas in Hartford Whalers zone.
18:40 of 1st period - Off-side.
18:41 of 1st period - Alexander Wennberg wins face-off versus Jack Eichel in neutral zone.
18:54 of 1st period - Snap shot by Jake Guentzel.
18:54 of 1st period - Shot Misses the Net.
18:56 of 1st period - Wrist shot by Jake Guentzel.
18:56 of 1st period - Stopped by Anton Forsberg with a rebound.
Goals for this period are 1 for St.Louis Blues vs 0 for Hartford Whalers.
Shots for this period are 19 for St.Louis Blues vs 9 for Hartford Whalers.
2nd period
0:01 of 2nd period - Joshua Norris wins face-off versus Robert Thomas in neutral zone.
0:09 of 2nd period - Off-side.
0:10 of 2nd period - Joshua Norris wins face-off versus Robert Thomas in neutral zone.
0:19 of 2nd period - Snap shot by Joshua Norris.
0:19 of 2nd period - Shot Blocked by Morgan Rielly.
0:27 of 2nd period - Penalty to Michael Raffl is over, Michael Raffl is back on ice.
0:38 of 2nd period - Snap shot by Jake Guentzel.
0:38 of 2nd period - Shot Blocked by Anthony Mantha.
0:40 of 2nd period - Backhand shot by Robert Thomas.
0:40 of 2nd period - Stopped by Anton Forsberg without a rebound.
0:41 of 2nd period - Casey Cizikas wins face-off versus Jimmy Vesey in Hartford Whalers zone.
1:13 of 2nd period - Slapshot by Andrew Copp.
1:13 of 2nd period - Shot Misses the Net.
1:15 of 2nd period - Slapshot by Alex Pietrangelo.
1:15 of 2nd period - Stopped by Anton Forsberg with a rebound.
1:17 of 2nd period - Snap shot by Evander Kane.
1:17 of 2nd period - Shot Misses the Net.
1:19 of 2nd period - Wrist shot by Andrew Copp.
1:19 of 2nd period - Shot Misses the Net.
1:38 of 2nd period - Snap shot by Taylor Hall.
1:38 of 2nd period - Shot Misses the Net.
2:26 of 2nd period - Snap shot by Yanni Gourde.
2:26 of 2nd period - Deflect By Jimmy Vesey.
2:26 of 2nd period - Shot Misses the Net.
2:26 of 2nd period - Puck is out of play.
2:27 of 2nd period - Kevin Labanc wins face-off versus Robert Thomas in Hartford Whalers zone.
3:09 of 2nd period - Niko Mikkola is hit by Trevor van Riemsdyk.
3:50 of 2nd period - Icing by Michael Raffl.
3:51 of 2nd period - Michael Raffl wins face-off versus Elias Pettersson in Hartford Whalers zone.
4:19 of 2nd period - Snap shot by Alex Tuch.
4:19 of 2nd period - Stopped by Anton Forsberg with a rebound.
4:39 of 2nd period - Adam Pelech is hit by Joshua Norris and loses puck.
5:24 of 2nd period - Slapshot by Thomas Chabot.
5:24 of 2nd period - Stopped by Connor Hellebuyck without a rebound.
5:25 of 2nd period - Michael Raffl wins face-off versus Elias Pettersson in St.Louis Blues zone.
5:44 of 2nd period - Off-side.
5:45 of 2nd period - Robert Thomas wins face-off versus Casey Cizikas in neutral zone.
6:00 of 2nd period - Wrist shot by Alex Tuch.
6:00 of 2nd period - Shot Misses the Net.
6:02 of 2nd period - Wrist shot by Robert Thomas.
6:02 of 2nd period - Stopped by Anton Forsberg with a rebound.
6:41 of 2nd period - Wrist shot by Kevin Labanc.
6:41 of 2nd period - Stopped by Connor Hellebuyck without a rebound.
6:42 of 2nd period - Casey Cizikas wins face-off versus Robert Thomas in St.Louis Blues zone.
7:09 of 2nd period - Jake Guentzel is hit by Alexander Wennberg and loses puck.
7:42 of 2nd period - Snap shot by Andrew Copp.
7:42 of 2nd period - Deflect By Evander Kane.
7:42 of 2nd period - Stopped by Anton Forsberg without a rebound.
7:43 of 2nd period - Robert Thomas wins face-off versus Anthony Mantha in Hartford Whalers zone.
7:44 of 2nd period - Snap shot by Tage Thompson.
7:44 of 2nd period - Stopped by Anton Forsberg without a rebound.
7:45 of 2nd period - Josh Anderson wins face-off versus Robert Thomas in Hartford Whalers zone.
8:04 of 2nd period - Robert Thomas is hit by Josh Anderson and loses puck.
8:48 of 2nd period - Wrist shot by Anthony Mantha.
8:48 of 2nd period - Shot Misses the Net.
8:55 of 2nd period - Minor Penalty to Casey Cizikas for Interference.
8:56 of 2nd period - Joshua Norris wins face-off versus Alex DeBrincat in Hartford Whalers zone.
9:37 of 2nd period - Icing by Alex Tuch.
9:38 of 2nd period - Joshua Norris wins face-off versus Jack Eichel in St.Louis Blues zone.
9:43 of 2nd period - Snap shot by Joshua Norris.
9:43 of 2nd period - Stopped by Connor Hellebuyck without a rebound.
9:44 of 2nd period - Robert Thomas wins face-off versus Joshua Norris in St.Louis Blues zone.
10:55 of 2nd period - Penalty to Casey Cizikas is over, Casey Cizikas is back on ice.
11:00 of 2nd period - Snap shot by Torey Krug.
11:00 of 2nd period - Stopped by Connor Hellebuyck without a rebound.
11:01 of 2nd period - Frederick Gaudreau wins face-off versus Michael Raffl in St.Louis Blues zone.
11:06 of 2nd period - Slapshot by Morgan Rielly.
11:06 of 2nd period - Stopped by Anton Forsberg without a rebound.
11:07 of 2nd period - Joshua Norris wins face-off versus Elias Pettersson in Hartford Whalers zone.
12:19 of 2nd period - Wrist shot by Kevin Labanc.
12:19 of 2nd period - Stopped by Connor Hellebuyck with a rebound.
12:30 of 2nd period - Snap shot by Evander Kane.
12:30 of 2nd period - Stopped by Anton Forsberg with a rebound.
12:32 of 2nd period - Slapshot by Colton Parayko.
12:32 of 2nd period - Stopped by Anton Forsberg with a rebound.
12:48 of 2nd period - Wrist shot by Andrew Copp.
12:48 of 2nd period - Shot Misses the Net.
13:14 of 2nd period - Wrist shot by Evander Kane.
13:14 of 2nd period - Shot Blocked by Brett Howden.
13:32 of 2nd period - Wrist shot by Jack Eichel.
13:32 of 2nd period - Stopped by Anton Forsberg without a rebound.
13:33 of 2nd period - Joshua Norris wins face-off versus Elias Pettersson in Hartford Whalers zone.
13:38 of 2nd period - Elias Pettersson is hit by Taylor Hall and loses puck.
14:07 of 2nd period - Snap shot by Josh Anderson.
14:07 of 2nd period - Stopped by Connor Hellebuyck with a rebound.
14:09 of 2nd period - Snap shot by Josh Anderson.
14:09 of 2nd period - Goal by Josh Anderson - St.Louis Blues : 1 - Hartford Whalers : 1.
14:10 of 2nd period - Joshua Norris wins face-off versus Elias Pettersson in neutral zone.
14:13 of 2nd period - Wrist shot by Thomas Chabot.
14:13 of 2nd period - Stopped by Connor Hellebuyck without a rebound.
14:14 of 2nd period - Joshua Norris wins face-off versus Elias Pettersson in St.Louis Blues zone.
14:20 of 2nd period - Minor Penalty to Adam Pelech for High sticking.
14:21 of 2nd period - Jimmy Vesey wins face-off versus Joshua Norris in St.Louis Blues zone.
14:31 of 2nd period - Taylor Hall is hit by Colton Parayko and loses puck.
16:12 of 2nd period - Torey Krug is hit by Yanni Gourde and loses puck.
16:20 of 2nd period - Penalty to Adam Pelech is over, Adam Pelech is back on ice.
16:25 of 2nd period - Slapshot by Kevin Labanc.
16:25 of 2nd period - Shot Blocked by Adam Pelech.
16:27 of 2nd period - Snap shot by Eetu Luostarinen.
16:27 of 2nd period - Deflect By Brett Howden.
16:27 of 2nd period - Goal by Brett Howden - St.Louis Blues : 1 - Hartford Whalers : 2.
16:28 of 2nd period - Elias Pettersson wins face-off versus Michael Raffl in neutral zone.
16:31 of 2nd period - Snap shot by Elias Pettersson.
16:31 of 2nd period - Shot Misses the Net.
16:33 of 2nd period - Slapshot by Morgan Rielly.
16:33 of 2nd period - Stopped by Anton Forsberg without a rebound.
16:34 of 2nd period - Elias Pettersson wins face-off versus Michael Raffl in Hartford Whalers zone.
17:09 of 2nd period - Slapshot by Joshua Norris.
17:09 of 2nd period - Goal by Joshua Norris - St.Louis Blues : 1 - Hartford Whalers : 3.
17:10 of 2nd period - Casey Cizikas wins face-off versus Elias Pettersson in neutral zone.
17:37 of 2nd period - Tage Thompson is hit by Paul Byron.
17:41 of 2nd period - Jaccob Slavin is hit by Tage Thompson and loses puck.
18:04 of 2nd period - Snap shot by Frederick Gaudreau.
18:04 of 2nd period - Stopped by Anton Forsberg with a rebound.
18:06 of 2nd period - Snap shot by Jimmy Vesey.
18:06 of 2nd period - Shot Misses the Net.
18:08 of 2nd period - Snap shot by Jimmy Vesey.
18:08 of 2nd period - Stopped by Anton Forsberg with a rebound.
18:10 of 2nd period - Snap shot by Jimmy Vesey.
18:10 of 2nd period - Deflect By Yanni Gourde.
18:10 of 2nd period - Shot Blocked by Taylor Hall.
18:10 of 2nd period - Taylor Hall from Hartford Whalers is injured at 18:10 of 2nd period (Bruised Right Foot).
18:11 of 2nd period - Elias Pettersson wins face-off versus Casey Cizikas in Hartford Whalers zone.
18:21 of 2nd period - Minor Penalty to Josh Anderson for Hooking.
18:22 of 2nd period - Robert Thomas wins face-off versus Anthony Mantha in Hartford Whalers zone.
18:28 of 2nd period - Minor Penalty to Elias Pettersson for Diving.
18:29 of 2nd period - Joshua Norris wins face-off versus Tage Thompson in St.Louis Blues zone.
19:09 of 2nd period - Off-side.
19:10 of 2nd period - Joshua Norris wins face-off versus Evander Kane in neutral zone.
19:15 of 2nd period - Wrist shot by Joshua Norris.
19:15 of 2nd period - Shot Blocked by Adam Pelech.
19:36 of 2nd period - Icing by Torey Krug.
19:37 of 2nd period - Alexander Wennberg wins face-off versus Tage Thompson in Hartford Whalers zone.
19:44 of 2nd period - Wrist shot by Anthony Mantha.
19:44 of 2nd period - Stopped by Connor Hellebuyck with a rebound.
19:48 of 2nd period - Slapshot by Anthony Mantha.
19:48 of 2nd period - Shot Misses the Net.
19:50 of 2nd period - Wrist shot by Anthony Mantha.
19:50 of 2nd period - Shot Blocked by Colton Parayko.
19:52 of 2nd period - Slapshot by Alexander Wennberg.
19:52 of 2nd period - Stopped by Connor Hellebuyck without a rebound.
19:53 of 2nd period - Tage Thompson wins face-off versus Joshua Norris in St.Louis Blues zone.
Goals for this period are 0 for St.Louis Blues vs 3 for Hartford Whalers.
Shots for this period are 13 for St.Louis Blues vs 12 for Hartford Whalers.
3rd period
0:01 of 3rd period - Tage Thompson wins face-off versus Alexander Wennberg in neutral zone.
0:12 of 3rd period - Snap shot by Alexander Wennberg.
0:12 of 3rd period - Stopped by Connor Hellebuyck without a rebound.
0:13 of 3rd period - Tage Thompson wins face-off versus Joshua Norris in St.Louis Blues zone.
0:21 of 3rd period - Penalty to Josh Anderson is over, Josh Anderson is back on ice.
0:28 of 3rd period - Penalty to Elias Pettersson is over, Elias Pettersson is back on ice.
0:54 of 3rd period - Snap shot by Joshua Norris.
0:54 of 3rd period - Stopped by Connor Hellebuyck without a rebound.
0:55 of 3rd period - Kevin Labanc wins face-off versus Frederick Gaudreau in St.Louis Blues zone.
0:56 of 3rd period - Snap shot by Eetu Luostarinen.
0:56 of 3rd period - Deflect By Brett Howden.
0:56 of 3rd period - Shot Misses the Net.
0:56 of 3rd period - Puck is out of play.
0:57 of 3rd period - Eetu Luostarinen wins face-off versus Jimmy Vesey in St.Louis Blues zone.
1:31 of 3rd period - Wrist shot by Josh Anderson.
1:31 of 3rd period - Shot Blocked by Adam Pelech.
1:33 of 3rd period - Slapshot by Casey Cizikas.
1:33 of 3rd period - Deflect By Josh Anderson.
1:33 of 3rd period - Shot Misses the Net.
1:33 of 3rd period - Puck is out of play.
1:34 of 3rd period - Robert Thomas wins face-off versus Joshua Norris in St.Louis Blues zone.
1:45 of 3rd period - Slapshot by Robert Thomas.
1:45 of 3rd period - Stopped by Anton Forsberg with a rebound.
1:47 of 3rd period - Snap shot by Robert Thomas.
1:47 of 3rd period - Shot Misses the Net.
1:49 of 3rd period - Slapshot by Tage Thompson.
1:49 of 3rd period - Shot Blocked by Alec Martinez.
1:51 of 3rd period - Snap shot by Alex Tuch.
1:51 of 3rd period - Stopped by Anton Forsberg with a rebound.
1:57 of 3rd period - Minor Penalty to Alexander Wennberg for High sticking.
1:58 of 3rd period - Jake Guentzel wins face-off versus Eetu Luostarinen in Hartford Whalers zone.
2:05 of 3rd period - Wrist shot by Jake Guentzel.
2:05 of 3rd period - Goal by Jake Guentzel - St.Louis Blues : 2 - Hartford Whalers : 3.
2:06 of 3rd period - Casey Cizikas wins face-off versus Elias Pettersson in neutral zone.
2:19 of 3rd period - Snap shot by Alex DeBrincat.
2:19 of 3rd period - Goal by Alex DeBrincat - St.Louis Blues : 3 - Hartford Whalers : 3.
2:20 of 3rd period - Casey Cizikas wins face-off versus Elias Pettersson in neutral zone.
2:29 of 3rd period - Snap shot by Anthony Mantha.
2:29 of 3rd period - Stopped by Connor Hellebuyck with a rebound.
2:31 of 3rd period - Wrist shot by Casey Cizikas.
2:31 of 3rd period - Shot Blocked by Alex Pietrangelo.
2:33 of 3rd period - Snap shot by Anthony Mantha.
2:33 of 3rd period - Deflect By Alex DeBrincat.
2:33 of 3rd period - Shot Misses the Net.
2:33 of 3rd period - Puck is out of play.
2:34 of 3rd period - Elias Pettersson wins face-off versus Michael Raffl in St.Louis Blues zone.
3:01 of 3rd period - Josh Anderson is hit by Tage Thompson and loses puck.
3:38 of 3rd period - Haydn Fleury is hit by Danny DeKeyser and loses puck.
3:39 of 3rd period - Haydn Fleury from Hartford Whalers is injured at 3:39 of 3rd period (Torso).
3:40 of 3rd period - Casey Cizikas wins face-off versus Elias Pettersson in Hartford Whalers zone.
3:56 of 3rd period - Thomas Chabot is hit by Alex DeBrincat and loses puck.
4:16 of 3rd period - Thomas Chabot is hit by Alex Tuch and loses puck.
4:36 of 3rd period - Slapshot by Jaccob Slavin.
4:36 of 3rd period - Stopped by Connor Hellebuyck without a rebound.
4:37 of 3rd period - Casey Cizikas wins face-off versus Elias Pettersson in St.Louis Blues zone.
5:13 of 3rd period - Snap shot by Tage Thompson.
5:13 of 3rd period - Stopped by Anton Forsberg without a rebound.
5:14 of 3rd period - Joshua Norris wins face-off versus Elias Pettersson in Hartford Whalers zone.
5:41 of 3rd period - Alex Tuch is hit by Torey Krug and loses puck.
6:10 of 3rd period - Snap shot by Jack Eichel.
6:10 of 3rd period - Stopped by Anton Forsberg with a rebound.
6:12 of 3rd period - Wrist shot by Danny DeKeyser.
6:12 of 3rd period - Deflect By Andrew Copp.
6:12 of 3rd period - Stopped by Anton Forsberg without a rebound.
6:13 of 3rd period - Elias Pettersson wins face-off versus Michael Raffl in Hartford Whalers zone.
6:25 of 3rd period - Off-side.
6:26 of 3rd period - Elias Pettersson wins face-off versus Michael Raffl in neutral zone.
6:37 of 3rd period - Snap shot by Elias Pettersson.
6:37 of 3rd period - Stopped by Anton Forsberg with a rebound.
6:56 of 3rd period - Torey Krug is hit by Elias Pettersson.
7:02 of 3rd period - Wrist shot by Alexis Lafreniere.
7:02 of 3rd period - Stopped by Connor Hellebuyck without a rebound.
7:03 of 3rd period - Joshua Norris wins face-off versus Robert Thomas in St.Louis Blues zone.
7:11 of 3rd period - Icing by Morgan Rielly.
7:12 of 3rd period - Robert Thomas wins face-off versus Joshua Norris in St.Louis Blues zone.
7:21 of 3rd period - Snap shot by Joshua Norris.
7:21 of 3rd period - Stopped by Connor Hellebuyck with a rebound.
7:23 of 3rd period - Slapshot by Jaccob Slavin.
7:23 of 3rd period - Stopped by Connor Hellebuyck without a rebound.
7:24 of 3rd period - Elias Pettersson wins face-off versus Josh Anderson in St.Louis Blues zone.
7:24 of 3rd period - Elias Pettersson is hit by Anthony Mantha.
7:30 of 3rd period - Alex Pietrangelo is hit by Josh Anderson and loses puck.
7:39 of 3rd period - Snap shot by Casey Cizikas.
7:39 of 3rd period - Stopped by Connor Hellebuyck without a rebound.
7:40 of 3rd period - Joshua Norris wins face-off versus Robert Thomas in St.Louis Blues zone.
7:43 of 3rd period - Snap shot by Joshua Norris.
7:43 of 3rd period - Shot Misses the Net.
7:45 of 3rd period - Minor Penalty to Alex Tuch for Tripping.
7:46 of 3rd period - Casey Cizikas wins face-off versus Andrew Copp in St.Louis Blues zone.
7:53 of 3rd period - Snap shot by Torey Krug.
7:53 of 3rd period - Shot Blocked by Andrew Copp.
8:30 of 3rd period - Snap shot by Alexander Wennberg.
8:30 of 3rd period - Shot Misses the Net.
9:45 of 3rd period - Penalty to Alex Tuch is over, Alex Tuch is back on ice.
10:32 of 3rd period - Alec Martinez is hit by Jack Eichel and loses puck.
11:29 of 3rd period - Icing by Trevor van Riemsdyk.
11:30 of 3rd period - Robert Thomas wins face-off versus Anthony Mantha in Hartford Whalers zone.
11:41 of 3rd period - Wrist shot by Tage Thompson.
11:41 of 3rd period - Stopped by Anton Forsberg without a rebound.
11:42 of 3rd period - Elias Pettersson wins face-off versus Joshua Norris in Hartford Whalers zone.
11:47 of 3rd period - Wrist shot by Elias Pettersson.
11:47 of 3rd period - Stopped by Anton Forsberg with a rebound.
11:49 of 3rd period - Snap shot by Alex DeBrincat.
11:49 of 3rd period - Stopped by Anton Forsberg with a rebound.
11:51 of 3rd period - Snap shot by Jake Guentzel.
11:51 of 3rd period - Shot Misses the Net.
11:53 of 3rd period - Slapshot by Elias Pettersson.
11:53 of 3rd period - Goal by Elias Pettersson - St.Louis Blues : 4 - Hartford Whalers : 3.
11:54 of 3rd period - Jake Guentzel wins face-off versus Joshua Norris in neutral zone.
11:56 of 3rd period - Off-side.
11:57 of 3rd period - Elias Pettersson wins face-off versus Joshua Norris in neutral zone.
12:38 of 3rd period - Trevor van Riemsdyk is hit by Alex Pietrangelo.
13:08 of 3rd period - Andrew Copp is hit by Michael Raffl and loses puck.
13:45 of 3rd period - Wrist shot by Jack Eichel.
13:45 of 3rd period - Deflect By Andrew Copp.
13:45 of 3rd period - Shot Blocked by Jaccob Slavin.
13:45 of 3rd period - Puck is out of play.
13:46 of 3rd period - Elias Pettersson wins face-off versus Joshua Norris in Hartford Whalers zone.
13:49 of 3rd period - Snap shot by Alex DeBrincat.
13:49 of 3rd period - Shot Misses the Net.
13:51 of 3rd period - Slapshot by Morgan Rielly.
13:51 of 3rd period - Stopped by Anton Forsberg with a rebound.
13:53 of 3rd period - Slapshot by Adam Pelech.
13:53 of 3rd period - Stopped by Anton Forsberg with a rebound.
13:55 of 3rd period - Slapshot by Morgan Rielly.
13:55 of 3rd period - Stopped by Anton Forsberg with a rebound.
13:57 of 3rd period - Backhand shot by Adam Pelech.
13:57 of 3rd period - Shot Misses the Net.
14:13 of 3rd period - Torey Krug is hit by Alex Tuch and loses puck.
14:36 of 3rd period - Snap shot by Yanni Gourde.
14:36 of 3rd period - Shot Blocked by Torey Krug.
14:38 of 3rd period - Slapshot by Niko Mikkola.
14:38 of 3rd period - Shot Blocked by Torey Krug.
15:04 of 3rd period - Alexander Wennberg is hit by Alex DeBrincat and loses puck.
15:17 of 3rd period - Wrist shot by Alex Tuch.
15:17 of 3rd period - Shot Misses the Net.
15:49 of 3rd period - Jaccob Slavin is hit by Jimmy Vesey and loses puck.
16:04 of 3rd period - Alex Tuch is hit by Jaccob Slavin and loses puck.
16:13 of 3rd period - Brett Howden is hit by Robert Thomas and loses puck.
17:36 of 3rd period - Joshua Norris is hit by Robert Thomas and loses puck.
17:58 of 3rd period - Torey Krug is hit by Alex DeBrincat.
18:40 of 3rd period - Thomas Chabot is hit by Tage Thompson and loses puck.
18:54 of 3rd period - Hartford Whalers, Anton Forsberg is pulled from the net.
19:16 of 3rd period - Wrist shot by Alexander Wennberg.
19:16 of 3rd period - Stopped by Connor Hellebuyck without a rebound.
19:17 of 3rd period - Todd McLellan call a timeout for Hartford Whalers.
19:17 of 3rd period - Joshua Norris wins face-off versus Andrew Copp in St.Louis Blues zone.
19:39 of 3rd period - Wrist shot by Joshua Norris.
19:39 of 3rd period - Deflect By Alexander Wennberg.
19:39 of 3rd period - Stopped by Connor Hellebuyck with a rebound.
19:49 of 3rd period - Snap shot by Alexander Wennberg.
19:49 of 3rd period - Stopped by Connor Hellebuyck without a rebound.
19:50 of 3rd period - Andrew Copp wins face-off versus Alexander Wennberg in St.Louis Blues zone.
19:50 of 3rd period - Andrew Copp is hit by Thomas Chabot.
Goals for this period are 3 for St.Louis Blues vs 0 for Hartford Whalers.
Shots for this period are 15 for St.Louis Blues vs 11 for Hartford Whalers.
Back to the Top